 Seeded DCSS version 0.29-a0-369-gd956c00756 (webtiles) character file.

Game seed: 20220501 (custom seed)

65 happo123 the Grasshopper (level 3, -8/35 HPs)
             Began as a Troll Warper on May 1, 2022.
             Mangled by a nameless horror (14 damage)
             ... created by miscasting Call Canine Familiar
             ... on level 2 of the Dungeon.
             The game lasted 00:17:48 (1380 turns).

happo123 the Grasshopper (Troll Warper)             Turns: 1380, Time: 00:17:49

Health: -8/35      AC:  4    Str: 21    XL:     3   Next: 92%
Magic:  0/4        EV: 10    Int:  9    God:
Gold:   50         SH:  0    Dex:  9    Spells: 2/5 levels left

rFire   . . .      SeeInvis +     - Unarmed
rCold   . . .      Faith    .   (no shield)
rNeg    . . .      Spirit   .   a - +0 robe
rPois   .          Reflect  .   (helmet restricted)
rElec   .          Harm     .   (no cloak)
rCorr   .          Rampage  .   (gloves unavailable)
Will    .....                   (boots unavailable)
Stlth   +.........              (no amulet)
HPRegen 0.91/turn               q - ring of see invisible
MPRegen 0.09/turn               (no ring)

@: very slightly contaminated
A: large, unfitting armour, claws 3, regeneration 1, shaggy fur 1, tough skin 1
a: no special abilities


You were on level 2 of the Dungeon.
You visited 1 branch of the dungeon, and saw 2 of its levels.

You collected 50 gold pieces.

Inventory:

Hand Weapons
 g - a +0 falchion
 i - a +0 hand axe
 l - a +0 hunting sling
 r - a +0 whip
 s - a +0 rapier
Missiles
 c - 7 boomerangs of dispersal (quivered)
 f - 18 stones
Armour
 a - a +0 robe (worn)
 e - a +0 scale mail
 p - a +0 buckler
Jewellery
 q - a ring of see invisible (left claw)
Scrolls
 b - a scroll of blinking
 h - a scroll of identify {unknown}
 m - a scroll of fear {unknown}
 n - a scroll of summoning {unknown}
 o - a scroll of noise {unknown}
Potions
 d - 2 potions of curing
 j - 2 potions of heal wounds {unknown}
 k - a potion of cancellation {unknown}


   Skills:
 + Level 1.7 Fighting
 + Level 0.8 Throwing
 + Level 2.1 Dodging
 + Level 2.7 Unarmed Combat
 + Level 1.7 Spellcasting
 + Level 2.7 Translocations


You had 2 spell levels left.
You knew the following spells:

 Your Spells              Type           Power      Damage    Failure   Level
a - Call Canine Familiar  Summ           0%         N/A       71%         3

Your spell library contained the following spells:

 Spells                   Type           Power      Damage    Failure   Level
 Blink                    Tloc           10%        N/A       17%         2
 Gell's Gravitas          Tloc           5%         N/A       34%         3
 Lesser Beckoning         Tloc           5%         N/A       34%         3
 Teleport Other           Tloc           5%         N/A       34%         3
 Portal Projectile        Hex/Tloc       6%         N/A       52%         3
 Manifold Assault         Tloc           5%         N/A       97%         5
 Leda's Liquefaction      Hex/Erth       0%         N/A       98%         4


Dungeon Overview and Level Annotations

Branches:
Dungeon (2/15)

Altars:


Innate Abilities, Weirdness & Mutations

You are too large for most types of armour.
You have claws for hands.
Your natural rate of healing is unusually fast.
You are covered in fur. (AC +1)
You have tough skin. (AC +1)


Message History

The bat hits you but does no damage. The bat hits you but does no damage.
The bat hits you. The bat hits you but does no damage.
The bat hits you but does no damage. The bat hits you.
You claw the bat!
You kill the bat!
You now have 50 gold pieces (gained 12).
Casting: Call Canine Familiar (extremely dangerous; 71% risk of failure)
Confirm with . or Enter, or press ? or * to list all spells.
The spell is extremely dangerous to miscast (71% risk of failure)!
Continue anyway?
You miscast Call Canine Familiar.
You are very lightly contaminated with residual magic.
Desperate hands claw out at you.
A nameless horror comes into view.
The nameless horror hits you!
You feel your power leaking away.
You scratch the nameless horror but do no damage.
You claw the nameless horror!
The nameless horror is heavily damaged.
The nameless horror hits you but does no damage.
You scratch the nameless horror.
The nameless horror is heavily damaged.
The nameless horror hits you!
You completely miss the nameless horror.
The nameless horror is heavily damaged.
The nameless horror barely misses you.
You claw the nameless horror!
The nameless horror is severely damaged.
The nameless horror barely misses you.
You scratch the nameless horror but do no damage.
The nameless horror is severely damaged.
The nameless horror hits you!
You scratch the nameless horror.
The nameless horror is almost destroyed.
The nameless horror hits you!
* * * LOW HITPOINT WARNING * * *
You barely miss the nameless horror.
The nameless horror is almost destroyed.
The nameless horror hits you!
You die...

#.......# #.......#
.......#
##.....###### .
#......#.....
..#######........<...
.....................
.....................
.......@......†#.....
.#####X####..........
#........#######
#...##†.## ..#.##)##
.##.##.# ##
#....######
###.......###
#..#####...#


You could see a nameless horror.

Vanquished Creatures
  A nameless horror (D:2)
  4 adders
  A worm (D:2)
  A dart slug (D:1)
  2 bats
  4 endoplasms (D:2)
  A giant cockroach (D:2)
  2 goblins
  A hobgoblin (D:1)
  A quokka (D:1)
  2 ball pythons (D:1)
  A frilled lizard (D:1)
  3 kobolds
  2 rats (D:1)
26 creatures vanquished.

Notes
Turn   | Place    | Note
-------+----------+-------------------------------------------
     0 | D:1      | happo123 the Troll Warper began the quest for the Orb.
     0 | D:1      | Reached XP level 1. HP: 19/19 MP: 1/1
   473 | D:1      | Found a faded altar of an unknown god.
   523 | D:1      | Reached XP level 2. HP: 28/28 MP: 3/3
  1007 | D:2      | Reached XP level 3. HP: 29/35 MP: 4/4
  1221 | D:2      | Learned a level 3 spell: Call Canine Familiar
  1306 | D:2      | Noticed a nameless horror
  1308 | D:2      | Killed a nameless horror
  1371 | D:2      | Noticed a nameless horror
  1380 | D:2      | Mangled by a nameless horror

Illustrated notes

Levels and vault maps discovered:
D:1:      tarquinn_simple_flora_water_b, layout_loops_ring,
          dreamdust_ecumenical_altar_statues, serial_forest,
          infiniplex_forest_straight_3, infiniplex_forest_corner_1,
          infiniplex_forest_lined_4_way, infiniplex_forest_clump_small,
          infiniplex_forest_straight_2, infiniplex_forest_clump_small,
          infiniplex_forest_clump_tiny
D:2:      layout_rooms, serial_shops, nicolae_shop_advertising_works
          [nicolae_subvault_shop_adworks]

Skill      XL: |  1 |
---------------+----+-----
Dodging        | 2 |  2.1
Fighting       | |  1.7
Throwing       | |  0.8
Unarmed Combat | |  2.7
Spellcasting   | |  1.7
Translocations | |  2.7

Action                   || total
-------------------------++-------
Melee: Unarmed           ||    82
       Punch             ||     2
  Use: Potion            ||     1
Armor: Robe              ||    25
Dodge: Dodged            ||    49

Table legend: (Time is in decaauts)
 A = Elapsed time spent in this place.
 B = Non-inter-level travel time spent in this place.
 C = Inter-level travel time spent in this place.
 D = Time resting spent in this place.
 E = Time spent auto-exploring this place.
 F = Levels seen in this place.
 G = Mean time per level.
                   A        B        C        D        E       F      G
               +--------+--------+--------+--------+--------+-----+--------+
         Total |   1378 |    481 |    897 |      4 |    211 |   2 |  689.0 |
       Dungeon |   1378 |    481 |    897 |      4 |    211 |   2 |  689.0 |
               +--------+--------+--------+--------+--------+-----+--------+

Top non-repeatable levels by time:
     D:1: 1003 daAuts
     D:2: 374 daAuts
